 Dungeon Crawl Stone Soup version 0.19-a0-892-g8a19e52 (webtiles) character file.

59 tsouns the Skirmisher (level 4, -13/37 HPs)
             Began as a Formicid Monk on July 4, 2016.
             Mangled by Crazy Yiuf
             ... wielding a +3 quarterstaff of chaos
              (15 damage)
             ... on level 2 of the Dungeon.
             The game lasted 00:03:34 (1154 turns).

tsouns the Skirmisher (Formicid Monk)               Turns: 1154, Time: 00:03:35

Health: -13/37     AC:  5    Str: 17    XL:     4   Next: 22%
Magic:  4/4        EV: 11    Int:  9    God:
Gold:   47         SH:  0    Dex: 13    Spells: 0 memorised, 3 levels left

rFire  . . .     SeeInvis +     a - +0 falchion
rCold  . . .     Gourm    .     m - +0 ring mail
rNeg   . . .     Faith    .     (no shield)
rPois  .         Spirit   .     (helmet unavailable)
rElec  .         Dismiss  .     (no cloak)
rCorr  .         Reflect  .     (no gloves)
SustAt .         Harm     .     (no boots)
MR     .....                    (no amulet)
Stlth  +.........               (no ring)
                                (no ring)

@: very slightly contaminated, invisible, not resistant to hostile enchantments,
very unstealthy
A: permanent stasis, dig shafts and tunnels, four strong arms, antennae 3
a: Dig, Shaft Self


You were on level 2 of the Dungeon.
You were not hungry.

You visited 1 branch of the dungeon, and saw 2 of its levels.

You collected 47 gold pieces.

Inventory:

Hand Weapons
 a - a +0 falchion (weapon)
 n - a +0 hunting sling
Missiles
 k - 20 poisoned needles
 o - 38 stones (quivered)
Armour
 b - a +0 robe
 l - a +0 leather armour
 m - a +0 ring mail (worn)
Scrolls
 e - 2 scrolls of identify {unknown}
Potions
 j - a potion of lignification {unknown}
Comestibles
 c - a bread ration
 d - a chunk of flesh
 f - 2 royal jellies
 h - 2 beef jerkies
 i - a fruit


   Skills:
 + Level 4.2 Fighting
 + Level 4.0 Long Blades
 - Level 2.6 Dodging
 - Level 2.4 Stealth


You had 3 spell levels left.
You didn't know any spells.

Dungeon Overview and Level Annotations

Branches:
Dungeon (2/15)

Altars:

Annotations:
D:2 Crazy Yiuf


Innate Abilities, Weirdness & Mutations

You are under a permanent stasis effect.
You can dig through walls and to a lower floor.
Your four strong arms can wield two-handed weapons with a shield.
You have a pair of large antennae on your head. (SInv)


Message History

Crazy Yiuf hits you with a quarterstaff of chaos.
Your stasis keeps you stable.
You hit Crazy Yiuf but do no damage.
Crazy Yiuf is heavily wounded.
Crazy Yiuf hits you but does no damage.
You hit Crazy Yiuf.
Crazy Yiuf is heavily wounded.
Crazy Yiuf hits you with a quarterstaff of chaos!
You are electrocuted!
Ouch! That really hurt!
* * * LOW HITPOINT WARNING * * *
You are too injured to fight recklessly!
You are too injured to fight recklessly!
You are too injured to fight recklessly!
There is an open door here.
You strike the helpless Crazy Yiuf from behind!
You hit Crazy Yiuf.
Crazy Yiuf is heavily wounded.
Crazy Yiuf hits you with a quarterstaff of chaos!
You die...

# #..# # ###..#
######## #....#
##...... ####.#
#..{####### #.#
..........#
#######.##
#÷...####.#
########.#...+..#
##.#.÷....#
#...##..#......[#
#.#.##.#.#
#..g@.####......#
#.#.#.####
#)..### ##..+.##
#.#.##.#.# #####
###### #...###..#
#........#
##.#####.# ###
#.# #.# { #.#
###.#####.# #.#
..........# #.#


You could see Crazy Yiuf.

Vanquished Creatures
  Ijyb (D:2)
  A dart slug (D:1)
  A giant cockroach (D:1)
  4 goblins (D:2)
  5 hobgoblins
  5 kobolds
  A quokka (D:2)
  8 bats
  2 giant newts
  2 rats
30 creatures vanquished.

Notes
Turn   | Place    | Note
-------+----------+-------------------------------------------
     0 | D:1      | tsouns the Formicid Monk began the quest for the Orb.
     0 | D:1      | Reached XP level 1. HP: 18/18 MP: 1/1
    37 | D:1      | Reached XP level 2. HP: 23/24 MP: 2/2
   560 | D:2      | Noticed Ijyb
   588 | D:2      | Killed Ijyb
   588 | D:2      | Reached XP level 3. HP: 21/30 MP: 3/3
   755 | D:2      | Reached XP level 4. HP: 37/37 MP: 4/4
  1137 | D:2      | Found a runed door.
  1142 | D:2      | Noticed Crazy Yiuf
  1154 | D:2      | Mangled by Crazy Yiuf

Vault maps used:
D:1:      mrwooster_arrival_statue_3
D:2:      uniq_crazy_yiuf_cottage, uniq_iyjb

Skill      XL: |  1  2  3  4 |
---------------+-------------+-----
Fighting       | 4 |  4.2
Long Blades    | 4 |  4.0
Dodging        | |  2.6
Stealth        | |  2.4

Action                   |  1- 3 |  4- 6 || total
-------------------------+-------+-------++-------
Melee: Falchion          |    98 |    43 ||   141
  Use: Scroll            |     3 |       ||     3
       Potion            |       |     1 ||     1
 Stab: Sleeping          |     4 |     1 ||     5
       Invisible         |       |     1 ||     1
  Eat: Chunk             |       |     1 ||     1
Armor: Robe              |     2 |       ||     2
       Ring mail         |    20 |    22 ||    42
       Leather armour    |     1 |       ||     1
Dodge: Dodged            |    39 |    24 ||    63
